 Dungeon Crawl Stone Soup version 0.21-a0-264-g3e31e41 (webtiles) character file.

76034 4thArraOfDagon the Fencer (level 15, -11/101 HPs)
             Began as a Mummy Enchanter on Sept 8, 2017.
             Was a High Priest of Yredelemnul.
             Mangled by a dire flail of protection (32 damage)
             ... on level 2 of the Elven Halls on Sept 9, 2017.
             The game lasted 01:31:59 (17952 turns).

4thArraOfDagon the Fencer (Mummy Enchanter)        Turns: 17952, Time: 01:32:00

Health: -11/101    AC: 12    Str: 12    XL:     15   Next: 11%
Magic:  24/24      EV: 16    Int: 24    God:    Yredelemnul [*****.]
Gold:   571        SH:  0    Dex: 12    Spells: 6/26 levels left

rFire    x . .     SeeInvis .   Q - +5 demon blade (elec)
rCold    + . .     Gourm    .   (no shield)
rNeg     + + +     Faith    .   O - +0 troll leather armour
rPois    ∞         Spirit   .   K - +1 hat {Int+3}
rElec    .         Reflect  .   t - +0 cloak
rCorr    .         Harm     +   x - +0 pair of gloves
MR       ++...                  V - +2 pair of boots
Stlth    ++........             z - amulet of harm
HPRegen  0.66/turn              G - +3 ring of slaying
MPRegen  0.19/turn              C - ring of protection from magic

@: no status effects
A: no food or potions, fire vulnerability, cold resistance 1, negative energy
resistance 3, torment resistance, unbreathing, in touch with death 1
a: Recall Undead Slaves, Injury Mirror, Animate Dead, Drain Life, Enslave Soul,
Renounce Religion


You were on level 2 of the Elven Halls.
You worshipped Yredelemnul.
Yredelemnul was extremely pleased with you.
You were not hungry.

You visited 5 branches of the dungeon, and saw 27 of its levels.
You also visited: Labyrinth and Sewer.

You collected 2337 gold pieces.
You spent 1766 gold pieces at shops.

Inventory:

Hand Weapons
 a - a +2 great sword of holy wrath
 g - a +0 blowgun
 I - a +4 long sword of pain
 Q - a +5 demon blade of electrocution (weapon)
Missiles
 l - 8 curare-tipped needles
 w - 3 throwing nets (quivered)
Armour
 b - a +2 plate armour of magic resistance
 h - a +2 robe
 t - a +0 cloak (worn)
 v - a cursed +0 scale mail
 x - a +0 pair of gloves (worn)
 A - a cursed +0 robe
 K - a +1 hat of intelligence (worn)
 O - a +0 troll leather armour (worn)
 V - a +2 pair of boots (worn)
Magical Staves
 o - an uncursed staff of fire
Jewellery
 d - an uncursed ring of protection from magic
 f - an uncursed ring of ice
 z - an amulet of harm (around neck)
 C - a ring of protection from magic (right hand)
 G - a +3 ring of slaying (left hand)
 X - a +4 ring of evasion
 Y - the ring "Vismen" {rPois rF+ Dex+2 Stlth+}
   (You found it on level 2 of the Lair of Beasts)

   [ring of protection from fire]

   It affects your dexterity (+2).
   It protects you from fire.
   It protects you from poison.
   It makes you more stealthy.
 Z - an uncursed ring of protection from fire
Wands
 n - a wand of iceblast (0/15)
 s - a wand of iceblast (10/15)
 u - a wand of iceblast (0/15)
 D - a wand of scattershot (6/9)
 F - a wand of polymorph (8/24)
 P - a wand of random effects (30/48)
 R - a wand of iceblast (9/15)
 U - a wand of confusion (18/48)
Scrolls
 i - 2 scrolls of silence
 j - 2 scrolls of immolation
 k - a scroll of recharging
 p - 3 scrolls of brand weapon
 r - 7 scrolls of remove curse
 y - 3 scrolls of random uselessness
 E - a scroll of fog
 H - a scroll of holy word
 J - 5 scrolls of teleportation
 L - 2 scrolls of vulnerability
 N - a scroll of blinking
 W - a scroll of summoning
Books
 c - a book of Maledictions

   Spells                             Type                      Level
   a - Corona                         Hexes                        1
   b - Ensorcelled Hibernation        Hexes/Ice                    2
   c - Confuse                        Hexes                        3
   d - Tukima's Dance                 Hexes                        3
   e - Dazzling Spray                 Conjuration/Hexes            3
 m - a book of Geomancy

   Spells                             Type                      Level
   a - Sandblast                      Earth                        1
   b - Passwall                       Transmutation/Earth          2
   c - Stone Arrow                    Conjuration/Earth            3
   d - Petrify                        Transmutation/Earth          4
   e - Lee's Rapid Deconstruction     Earth                        5
 q - a book of Frost

   Spells                             Type                      Level
   a - Freeze                         Ice                          1
   b - Throw Frost                    Conjuration/Ice              2
   c - Ozocubu's Armour               Charms/Ice                   3
   d - Throw Icicle                   Conjuration/Ice              4
   e - Summon Ice Beast               Ice/Summoning                4
 M - a book of Enchantments

   Spells                             Type                      Level
   a - Cause Fear                     Hexes                        4
   b - Yara's Violent Unravelling     Hexes/Transmutation          5
   c - Silence                        Hexes/Air                    5
   d - Deflect Missiles               Charms/Air                   6
   e - Discord                        Hexes                        8
Miscellaneous
 B - a phial of floods


   Skills:
 + Level 4.4 Fighting
   Level 2.0(10.7) Short Blades
 * Level 15.6(15.7) Long Blades
 + Level 7.7 Armour
 + Level 8.1 Dodging
 - Level 2.4 Stealth
 - Level 6.0 Spellcasting
 - Level 4.7 Hexes
 - Level 11.0 Necromancy
 - Level 8.2 Invocations
 - Level 2.0 Evocations


You had 6 spell levels left.
You knew the following spells:

 Your Spells              Type           Power        Failure   Level  Hunger
a - Corona                Hex            ####...      1%          1    N/A
b - Ensorcelled Hibernat  Hex/Ice        ###...       5%          2    N/A
c - Confuse               Hex            ####....     4%          3    N/A
d - Apportation           Tloc           #.....       10%         1    N/A
e - Animate Skeleton      Necr           N/A          1%          1    N/A
f - Pain                  Necr           ####         1%          1    N/A
g - Vampiric Draining     Necr           ######....   1%          3    N/A
h - Animate Dead          Necr           N/A          1%          4    N/A
i - Swiftness             Chrm/Air       #.......     14%         2    N/A
j - Blink                 Tloc           N/A          14%         2    N/A

Dungeon Overview and Level Annotations

Branches:
Dungeon (15/15)            Temple (1/1) D:6            Lair (6/6) D:11
 Shoals (0/4) Lair:4       Spider (0/4) Lair:2        Slime (0/5) Lair:5
    Orc (2/2) D:11            Elf (3/3) Orc:2        Vaults (0/5) D:13
 Depths: D:15

Altars:
Ashenzari
Cheibriados
Dithmenos
Elyvilon
Gozag
Hepliaklqana
Kikubaaqudgha
Makhleb
Nemelex Xobeh
Okawaru
Ru
Sif Muna
Trog
Uskayaw
Vehumet
Wu Jian
Xom
Yredelemnul
Zin
Jiyva

Shops:
D:10 *   Orc:1 }   Orc:2 [[%:

Annotations:
D:3 1 runed door
D:5 Kidiri's ghost, novice DEFE
D:7 exclusion: ice statue
D:9 p0werm0de's ghost, novice DsHu
D:10 Maurice
D:12 Erolcha
Elf:2 3 runed doors


Innate Abilities, Weirdness & Mutations

You do not eat or drink.
Your flesh is vulnerable to fire.
You are immune to poison.
Your flesh is cold resistant. (rC+)
You are immune to negative energy. (rN+++)
You are immune to unholy pain and torment.
You can survive without breathing.
You are in touch with the powers of death.


Message History

The dire flail of protection hits you.
Unknown command.
You miss the dire flail of protection. The dire flail of protection hits you!
Your phantasmal warrior hits the dire flail of protection but does no damage.
Unknown command.
You miss the dire flail of protection.
The dire flail of protection completely misses you.
Unknown command.
You miss the dire flail of protection.
Your phantasmal warrior completely misses the dire flail of protection.
Unknown command.
You completely miss the dire flail of protection.
The dire flail of protection hits you!!
Your phantasmal warrior hits the dire flail of protection!
Unknown command.
You swap places.
The dire flail of protection hits you!!
* * * LOW HITPOINT WARNING * * *
The dire flail of protection hits you!!
You die...
Yredelemnul claims you as an undead slave.

*,,,,,....# *#+#* *,
*,,,,,<...# #.# *,
*,,,,,,...# #.# *,
*,,,,,,,..##### ##.##
**
***,,,,,......###...##
***,**#.#*#.##.....#
*,* #.#
#.......####### *,*
#(###............).
*,*
#W@........########
*,* #####.##.#.#
*,******#.####.#
*,,,,,,,..# #.#
*******#### #.# #.#
### #.# ###.####.# #
###..#..##.# #


You could see a dire flail of protection and a friendly phantasmal warrior.

Vanquished Creatures
  Gastronok (D:12)
  A hydra (Lair:5)
  An ice dragon (Lab)
  A vault guard (D:13)
  2 centaur warriors
  3 two-headed ogres
  2 death yaks (Lair:6)
  A tengu warrior (D:13)
  2 ogre magi (Orc:2)
  Nergalle (D:12)
  An orc high priest (Orc:2)
  A deep elf knight (Elf:2)
  An unseen horror (D:14)
  5 deep elf archers
  2 wizards (D:13)
  An orc knight (D:15)
  7 deep elf magi
  An ugly thing (D:13)
  2 elephants
  4 black mambas
  Psyche (D:10)
  2 torpor snails (Lair:6)
  15 spiny frogs
  6 komodo dragons
  2 trolls
  A polar bear (Lair:5)
  2 meliai (D:13)
  Grinder (D:3)
  A harpy skeleton (D:15)
  3 tyrant leeches (Lair:6)
  12 dream sheep
  Prince Ribbit (D:6)
  3 hippogriffs
  15 blink frogs
  An air elemental (Elf:2)
  A wraith (D:12)
  A shadow (D:15)
  2 wyverns
  A fire elemental (Elf:1)
  3 basilisks
  A water elemental (Elf:2)
  9 yaks
  13 humans (D:13)
  4 wargs
  6 vampire mosquitoes (Lair:6)
  7 water moccasins
  5 porcupines
  An acid dragon (D:13)
  3 ice beasts
  A sky beast (D:7)
  11 orc warriors
  2 phantoms
  A black bear (D:9)
  A necrophage (D:15)
  17 wolves
  An eye of draining (shapeshifter) (Elf:1)
  7 ogres
  20 centaurs
  11 crocodiles
  2 big kobolds
  26 bullfrogs
  3 scorpions
  12 killer bees
  5 wights
  9 howler monkeys
  4 electric eels
  9 crimson imps
  A centaur zombie (D:7)
  2 quasits
  16 orc priests
  2 hounds
  A gnoll shaman (D:8)
  3 jellies
  2 bullfrog skeletons
  2 centaur skeletons
  2 iguanas
  Terence (D:3)
  18 orc wizards
  6 worker ants
  A killer bee zombie (D:10)
  A hound skeleton (D:6)
  A worker ant zombie (D:7)
  A howler monkey skeleton (D:6)
  5 gnolls (D:8)
  12 adders
  A river rat (D:4)
  2 shadow imps
  4 oozes (Lair:5)
  3 adder skeletons
  4 worms
  3 dart slugs
  4 leopard geckos
  65 orcs
  9 bats
  20 giant cockroaches
  8 goblins
  9 hobgoblins
  9 jackals
  5 quokkas
  A ball python (D:4)
  6 frilled lizards
  10 kobolds
  A quokka skeleton (D:6)
  5 rats
  2 plants (Lair:2)
553 creatures vanquished.

Vanquished Creatures (collateral kills)
  Kirke (Lair:4)
  Snorg (D:10)
  Josephine (Lair:4)
  A vault guard (D:13)
  3 hydras
  5 centaur warriors
  3 dancing weapons (Elf:2)
  2 two-headed ogres
  5 death yaks
  4 orc high priests (Orc:2)
  2 deep elf knights (Elf:2)
  A deep troll (Orc:2)
  2 wizards
  2 orc knights (Orc:2)
  An orc sorcerer (Orc:2)
  A necromancer (D:13)
  2 oklob plants (Lair:2)
  5 deep elf magi (Elf:2)
  A manticore (D:11)
  2 ugly things (D:11)
  3 elephants (Lair:3)
  A gargoyle (D:13)
  4 spiny frogs (Lair:6)
  A kobold demonologist (D:11)
  2 trolls
  A jumping spider (Lair:2)
  A meliai (D:13)
  A tyrant leech (Lair:6)
  A hornet (D:11)
  2 dream sheep
  3 blink frogs (Lair:6)
  4 hippogriffs
  4 wraiths (Lair:4)
  A wyvern (D:14)
  6 yaks
  2 hogs (Lair:4)
  4 humans (D:13)
  A water moccasin (Lair:6)
  A sky beast (D:10)
  2 ice beasts
  A black bear (D:11)
  8 orc warriors
  2 ogres
  2 wolves (Lair:6)
  7 centaurs
  2 crocodiles (D:11)
  A big kobold (D:14)
  6 bullfrogs
  An earth elemental (Elf:2)
  A wyvern skeleton (D:12)
  2 killer bees (D:11)
  A wight (D:9)
  2 howler monkeys
  2 hounds
  11 orc priests (Orc:2)
  10 orc wizards
  2 centaur skeletons
  An iguana (D:10)
  A worker ant (D:13)
  A shadow imp (D:11)
  A leopard gecko (D:8)
  15 orcs
  3 kobolds
  7 fungi
  5 plants
185 creatures vanquished.

Vanquished Creatures (others)
  A deep elf knight (Elf:2)
  2 skeletal warriors
  A flayed ghost (Lair:5)
  A phantasmal warrior (D:14)
  10 flying skulls
  A wraith (D:12)
  2 vampires
  3 centaurs
  3 wights
  20 fungi
  55 plants (Lair:6)
99 creatures vanquished.

Grand Total: 837 creatures vanquished

Notes
Turn   | Place    | Note
-------+----------+-------------------------------------------
     0 | D:1      | 4thArraOfDagon the Mummy Enchanter began the quest for the Orb.
     0 | D:1      | Reached XP level 1. HP: 13/13 MP: 4/4
     0 | D:1      | 4thArraOfDagon: lets concetrate
    38 | D:1      | Reached skill level 1 in Short Blades
   112 | D:1      | Reached XP level 2. HP: 16/19 MP: 2/5
   121 | D:1      | Learned a level 2 spell: Ensorcelled Hibernation
   216 | D:1      | You fall through a shaft!
   621 | D:2      | Reached XP level 3. HP: 24/24 MP: 1/7
   689 | D:2      | Learned a level 3 spell: Confuse
  1043 | D:3      | Found a runed door.
  1149 | D:3      | Reached XP level 4. HP: 30/30 MP: 4/8
  1174 | D:3      | Noticed a centaur
  1181 | D:3      | Killed a centaur
  1181 | D:3      | Reached XP level 5. HP: 34/35 MP: 3/9
  1304 | D:3      | Reached skill level 1 in Fighting
  1430 | D:3      | Noticed Grinder
  1598 | D:4      | Found a white marble altar of Elyvilon.
  1634 | D:4      | Learned a level 1 spell: Apportation
  1660 | D:4      | Learned a level 1 spell: Animate Skeleton
  1820 | D:4      | Reached skill level 1 in Necromancy
  1826 | D:4      | Found a glowing drain.
  1836 | Sewer    | Entered a sewer
  1970 | Sewer    | Learned a level 1 spell: Pain
  2110 | Sewer    | Reached XP level 6. HP: 33/44 MP: 7/10
  2285 | D:5      | Entered Level 5 of the Dungeon
  2305 | D:5      | Found an ornate altar of the Wu Jian Council.
  3005 | D:5      | Reached XP level 7. HP: 23/50 MP: 5/12
  3214 | D:6      | Reached skill level 5 in Necromancy
  3236 | D:6      | Noticed Prince Ribbit
  3386 | D:5      | Noticed Kidiri's ghost (novice DEFE)
  3422 | D:6      | Learned a level 3 spell: Vampiric Draining
  3456 | D:6      | Killed Prince Ribbit
  3456 | D:6      | Reached skill level 5 in Spellcasting
  3514 | D:6      | Found a hide-covered altar of Uskayaw.
  3538 | D:6      | Reached XP level 8. HP: 44/56 MP: 10/15
  4128 | D:6      | Found a staircase to the Ecumenical Temple.
  4133 | Temple   | Entered the Ecumenical Temple
  4220 | Temple   | Became a worshipper of Yredelemnul the Dark
  4252 | D:6      | Learned a level 4 spell: Animate Dead
  4384 | D:7      | Reached skill level 1 in Invocations
  4422 | D:7      | Reached skill level 1 in Armour
  4508 | D:7      | Noticed an ice statue
  4892 | D:6      | Reached skill level 1 in Evocations
  5056 | D:3      | Paralysed by Grinder for 6 turns
  5067 | D:3      | Killed Grinder
  5067 | D:3      | Reached XP level 9. HP: 55/64 MP: 18/18
  5151 | D:3      | Reached * piety under Yredelemnul
  5188 | D:3      | Found a radiant altar of Vehumet.
  5189 | D:3      | Found a sacrificial altar of Ru.
  5468 | D:3      | Noticed Terence
  5473 | D:3      | Killed Terence
  5645 | D:5      | Reached skill level 1 in Long Blades
  5873 | D:8      | Reached skill level 2 in Long Blades
  5907 | D:8      | Noticed a two-headed ogre
  5936 | D:8      | Reached ** piety under Yredelemnul
  5943 | D:8      | Killed a two-headed ogre
  5943 | D:8      | Reached skill level 3 in Long Blades
  6162 | D:8      | Reached XP level 10. HP: 53/70 MP: 7/19
  6347 | D:8      | Reached skill level 4 in Long Blades
  6415 | D:8      | Reached *** piety under Yredelemnul
  6453 | D:8      | Found an opulent altar of Gozag.
  6563 | D:9      | Found a burning altar of Makhleb.
  6638 | D:9      | Noticed p0werm0de's ghost (novice DsHu)
  6814 | D:9      | Found a shattered altar of Ashenzari.
  6906 | D:9      | Found a shadowy altar of Dithmenos.
  7004 | D:9      | Received a gift from Yredelemnul (4 flying skulls)
  7216 | D:10     | Entered Level 10 of the Dungeon
  7237 | D:10     | Noticed Maurice
  7247 | D:10     | Noticed Snorg
  7399 | D:10     | Noticed a centaur warrior
  7409 | D:10     | Killed a centaur warrior
  7409 | D:10     | Reached skill level 5 in Long Blades
  7419 | D:10     | Found Zetsu's General Store.
  7498 | D:10     | Noticed Psyche
  7509 | D:10     | Killed Psyche
  7572 | D:10     | Killed Snorg
  7572 | D:10     | Reached skill level 5 in Dodging
  7572 | D:10     | Reached skill level 5 in Invocations
  7854 | D:11     | Reached skill level 6 in Long Blades
  7896 | D:11     | Learned a level 2 spell: Swiftness
  7974 | D:11     | Noticed a manticore
  7979 | D:11     | Killed a manticore
  7979 | D:11     | Reached XP level 11. HP: 50/75 MP: 13/20
  8000 | D:11     | Reached **** piety under Yredelemnul
  8083 | D:11     | Reached skill level 5 in Armour
  8116 | D:11     | Received a gift from Yredelemnul (a wight)
  8184 | D:11     | Found a staircase to the Orcish Mines.
  8234 | D:11     | Noticed a cyan ugly thing
  8234 | D:11     | Noticed a red ugly thing
  8242 | D:11     | Killed a red ugly thing
  8249 | D:11     | Killed a cyan ugly thing
  8423 | D:12     | Noticed Erolcha
  8448 | D:13     | Noticed a tengu warrior
  8464 | D:13     | Killed a tengu warrior
  8507 | D:13     | Noticed a green ugly thing
  8508 | D:13     | Noticed a two-headed ogre
  8530 | D:12     | Noticed Gastronok
  8745 | D:12     | Noticed Nergalle
  8752 | D:11     | Received a gift from Yredelemnul (a wraith)
  8835 | D:12     | Killed Nergalle
  8836 | D:12     | Reached skill level 7 in Long Blades
  8866 | D:12     | Noticed a two-headed ogre
  8876 | D:12     | Killed a two-headed ogre
  8977 | D:12     | Killed Gastronok
  9358 | D:7      | WTF
  9666 | D:13     | Killed a two-headed ogre
  9667 | D:13     | Received a gift from Yredelemnul (5 flying skulls)
  9676 | D:13     | Noticed a necromancer
  9679 | D:13     | Killed a necromancer
  9679 | D:13     | Reached XP level 12. HP: 49/81 MP: 4/21
  9737 | D:13     | Noticed a vault guard
  9750 | D:13     | Killed a vault guard
 10005 | D:13     | Reached ***** piety under Yredelemnul
 10013 | D:13     | Noticed a centaur warrior
 10018 | D:13     | Received a gift from Yredelemnul (a wight)
 10023 | D:13     | Killed a centaur warrior
 10023 | D:13     | Reached skill level 8 in Long Blades
 10032 | D:13     | Noticed a centaur warrior
 10069 | D:13     | Killed a centaur warrior
 10153 | D:13     | Reached skill level 10 in Necromancy
 10153 | D:13     | Received a gift from Yredelemnul (a wight)
 10205 | D:13     | Noticed a vault guard
 10216 | D:13     | Killed a vault guard
 10472 | D:13     | Found a gate to the Vaults.
 10573 | D:13     | Got a heavily runed scale mail
 10584 | D:13     | Identified the cursed +0 scale mail of the Orcish Mines {rElec rCorr MP+9 SInv} (You took it off a human on level 13 of the Dungeon)
 10641 | D:14     | Noticed a centaur warrior
 10646 | D:14     | Noticed a centaur warrior
 10648 | D:14     | Received a gift from Yredelemnul (a phantasmal warrior)
 10707 | D:14     | Killed a centaur warrior
 10763 | D:14     | Killed a centaur warrior
 10833 | D:14     | Noticed a two-headed ogre
 10841 | D:14     | Killed a two-headed ogre
 11064 | D:14     | Identified a scroll of acquirement
 11092 | D:15     | Entered Level 15 of the Dungeon
 11153 | D:15     | Noticed a centaur warrior
 11161 | D:15     | Killed a centaur warrior
 11304 | D:15     | Gained mutation: You are in touch with the powers of death. [Mummy growth]
 11304 | D:15     | Reached XP level 13. HP: 77/86 MP: 22/22
 11721 | D:15     | Reached skill level 9 in Long Blades
 11852 | D:14     | Received a gift from Yredelemnul (a vampire)
 11972 | Orc:1    | Entered Level 1 of the Orcish Mines
 11979 | Orc:1    | Found a bloodstained altar of Trog.
 11989 | Orc:1    | Found Tealakom's Gadget Shop.
 12102 | Orc:2    | Entered Level 2 of the Orcish Mines
 12110 | Orc:2    | Found a staircase to the Elven Halls.
 12127 | Orc:2    | Found a labyrinth entrance.
 12136 | Lab      | Entered a labyrinth
 12485 | Lab      | Noticed a minotaur
 12512 | Lab      | a minotaur changed into an ice dragon
 12534 | Lab      | Got a clouded brass ring
 12540 | Lab      | Identified the Disquisition on Transformation and Talismans
 12542 | Lab      | Identified the ring of Ruapliwk {rPois Str+4 Int-2} (You found it in a labyrinth)
 12561 | Lab      | Learned a level 2 spell: Blink
 12897 | Orc:2    | Received a gift from Yredelemnul (a wraith)
 13161 | Orc:2    | Received a gift from Yredelemnul (2 flying skulls)
 13223 | Orc:2    | Found Jywnayhin's Food Emporium.
 13223 | Orc:2    | Found Petyh's Book Emporium.
 13224 | Orc:2    | Found Tonnew's Armour Shoppe.
 13268 | Orc:2    | Found Bueqad's Antique Armour Shoppe.
 13436 | Orc:2    | Bought a manual of Long Blades for 1766 gold pieces
 13556 | D:11     | Found a staircase to the Lair.
 13567 | D:11     | Reached skill level 10 in Long Blades
 13573 | Lair:1   | Entered Level 1 of the Lair of Beasts
 13920 | Lair:1   | Received a gift from Yredelemnul (a phantasmal warrior)
 14258 | Lair:2   | Got a spiked ring mail
 14308 | Lair:2   | Got a warped iron ring
 14310 | Lair:2   | Identified the ring "Vismen" {rPois rF+ Dex+2 Stlth+} (You found it on level 2 of the Lair of Beasts)
 14323 | Lair:2   | Identified the +1 ring mail of Foolhardiness {*Drain +Blink rF+ Stlth+} (You found it on level 2 of the Lair of Beasts)
 14349 | Lair:2   | Found a hole to the Spider Nest.
 14525 | Lair:2   | Reached skill level 11 in Long Blades
 14702 | Lair:3   | Received a gift from Yredelemnul (a skeletal warrior)
 14988 | Lair:4   | Reached skill level 12 in Long Blades
 15107 | Lair:4   | Received a gift from Yredelemnul (a vampire knight)
 15195 | Lair:4   | Noticed Josephine
 15206 | Lair:4   | Killed Josephine
 15249 | Lair:4   | Noticed Kirke
 15269 | Lair:4   | Killed Kirke
 15275 | Lair:4   | Reached XP level 14. HP: 93/93 MP: 23/23
 15278 | Lair:4   | Reached skill level 13 in Long Blades
 15349 | Lair:4   | Found a staircase to the Shoals.
 15457 | Lair:5   | Received a gift from Yredelemnul (a phantasmal warrior)
 15592 | Lair:5   | Found a runed door.
 15593 | Lair:5   | Found a viscous altar of Jiyva.
 15614 | Lair:5   | Found a staircase to the Slime Pits.
 15751 | Lair:5   | Received a gift from Yredelemnul (a phantasmal warrior)
 15815 | Lair:6   | Entered Level 6 of the Lair of Beasts
 15935 | Lair:6   | Reached skill level 14 in Long Blades
 16007 | Lair:6   | Received a gift from Yredelemnul (a vampire)
 16248 | Lair:6   | Received a gift from Yredelemnul (a bone dragon)
 16358 | Lair:6   | Received a gift from Yredelemnul (a flayed ghost)
 16444 | Lair:6   | Reached skill level 15 in Long Blades
 16454 | Lair:6   | Received a gift from Yredelemnul (a skeletal warrior)
 17147 | Elf:1    | Entered Level 1 of the Elven Halls
 17466 | Elf:3    | Entered Level 3 of the Elven Halls
 17536 | Elf:2    | Reached XP level 15. HP: 66/100 MP: 24/24
 17544 | Elf:2    | Received a gift from Yredelemnul (a phantasmal warrior)
 17690 | Elf:1    | Found an ancient bone altar of Kikubaaqudgha.
 17869 | Elf:2    | Found a runed gate.
 17869 | Elf:2    | Found a runed gate.
 17869 | Elf:2    | Found a runed gate.
 17952 | Elf:2    | Mangled by a dire flail of protection

Vault maps used:
D:1:      sevenhm_arrival_forest_fort_large_3, minmay_tromino_i4
D:2:      minmay_misc_feat_rows
D:3:      minitemple, uniq_terence, uniq_grinder, uniq_crazy_yiuf_cottage
D:4:      elyvilon_altar_5, portal_sewer_entry_c
D:5:      old_standard_altar, first_bread, kennysheep_generic_room_16
D:6:      lemuel_doored_altar, minmay_temple_entry_from_below_a,
          uniq_prince_ribbit1
D:7:      statuecave_lemuel, grunt_ogre_cave
D:8:      nicolae_gozag_seed_capital, lemuel_crystal_altar,
          basic_loot_grate_trap, mrwooster_statue_mirror
D:9:      nicolae_dithmenos_through_a_glass_darkly,
          amethyst_overflow_temple_binary, makhleb_heckhound_becter,
          lemuel_coloured_pillars_altar
D:10:     serial_shops, shop, uniq_snorg, uniq_psyche, uniq_maurice
D:11:     grunt_lair_entry_orc_guard_hut, david_orc_4, grunt_ministairs_7
D:12:     uniq_erolcha, uniq_gastronok, uniq_nergalle
D:13:     grunt_vaults_entry_tiered
D:14:     minmay_misc_feat_alley
D:15:     grunt_enter_depths_snipers, grunt_decor_one_mirror
Temple:   dpeg_chambers_temple
Lair:1:   beast_lair_carwin_large_3
Lair:2:   spider_nest_entry_rubble, infiniplex_staircase_pool_2,
          grunt_megastairs_4, serial_bayou_shore_a, minmay_lair_oklob_chamber
Lair:3:   infiniplex_staircase_pool, grunt_megastairs_2, lemuel_fruit_fields
Lair:4:   beast_lair_carwin_large_2, shoals_dummy_entry, lemuel_fruit_fields,
          uniq_kirke, uniq_josephine
Lair:5:   slime_altar_2, lemuel_fruit_fields
Lair:6:   minmay_lair_end_frog_pond
Orc:1:    basic_altar, serial_shops, shop, abandoned_shop
Orc:2:    st_orc_mages, lab_entry_generic, guppyfry_orc_lava_fort
Elf:1:    basic_altar, hangedman_elf_disciples, uniq_asterion
Elf:2:    basic_stair_grate_trap
Elf:3:    grunt_elf_hall_spiral, special_room, uniq_donald
Lab:      nicolae_lab_dead_adventurers
Sewer:    sewer_frog_island_01

Skill      XL: |  1  2  3  4  5  6  7  8  9 10 11 12 13 14 |
---------------+-------------------------------------------+-----
Short Blades   | 1 2 |  2.0
Hexes          | 3 4 |  4.7
Fighting       | 2 3 4 |  4.4
Necromancy     | 2 4 6 7 9 10 11 | 11.0
Spellcasting   | 3 5 6 |  6.0
Dodging        | 2 3 5 6 7 8 |  8.1
Invocations    | 2 3 5 6 7 8 |  8.2
Armour         | 1 3 4 5 6 7 |  7.7
Evocations     | 1 2 |  2.0
Long Blades    | 3 6 7 8 12 15 | 15.6
Stealth        | |  2.4

Action                   |  1- 3 |  4- 6 |  7- 9 | 10-12 | 13-15 || total
-------------------------+-------+-------+-------+-------+-------++-------
Melee: Dagger            |   105 |   328 |   361 |       |       ||   794
       Falchion          |       |       |   114 |   294 |       ||   408
       Long sword        |       |       |       |   273 |   686 ||   959
       Demon blade       |       |       |       |       |    79 ||    79
Throw: Throwing net      |       |       |       |     2 |     1 ||     3
 Cast: Corona            |    14 |     1 |       |       |       ||    15
       Ensorcelled Hiber |     7 |    26 |    19 |     1 |       ||    53
       Confuse           |     1 |     6 |     8 |     1 |       ||    16
       Animate Skeleton  |       |     1 |       |       |       ||     1
       Vampiric Draining |       |       |    33 |    94 |    73 ||   200
       Pain              |       |       |     8 |       |     3 ||    11
       Animate Dead      |       |       |     4 |    19 |    12 ||    35
Invok: Recall Undead Sla |       |       |       |     4 |     4 ||     8
       Drain Life        |       |       |       |     2 |    12 ||    14
       Stop Recall       |       |       |       |       |     1 ||     1
 Abil: Evoke Flight      |       |       |     1 |       |       ||     1
Evoke: Wand              |       |     1 |     9 |     4 |     3 ||    17
       Phantom mirror    |       |       |       |     1 |       ||     1
  Use: Scroll            |       |    11 |     4 |    11 |    15 ||    41
 Stab: Sleeping          |     6 |    11 |    13 |     5 |     4 ||    39
       Confused          |     1 |     3 |     6 |     1 |     3 ||    14
       Distracted        |       |     1 |     2 |     2 |     3 ||     8
       Held in net/web   |       |       |       |     1 |       ||     1
Armor: Ring mail         |    28 |   116 |   209 |   250 |       ||   603
       Troll leather arm |       |       |       |    37 |   207 ||   244
Dodge: Dodged            |    68 |   170 |   257 |   486 |   490 ||  1471
Block: Other             |       |       |       |     1 |    37 ||    38
       Reflection        |       |       |       |       |     3 ||     3
       Rpst.: Falchion   |       |       |    25 |    63 |       ||    88
       Long sword        |       |       |       |    61 |   129 ||   190
       Demon blade       |       |       |       |       |     6 ||     6

Table legend:
 A = Spawn XP
 B = Non-spawn XP
 C = Spawn XP percentage of total XP
 D = Spawn monster count
 E = Non-spawn monster count
 F = Spawn count percentage of total count
 G = Total turns spent on level
                    A         B        C        D         E        F      G
               +---------+---------+-------+---------+---------+-------+---------
         Total |       0 |  108621 |   0.0 |       0 |     728 |   0.0 | 17952
               +---------+---------+-------+---------+---------+-------+---------
           D:1 |       0 |      27 |   0.0 |       0 |      15 |   0.0 |   584
           D:2 |       0 |      37 |   0.0 |       0 |      14 |   0.0 |   323
           D:3 |       0 |     669 |   0.0 |       0 |      39 |   0.0 |  1098
           D:4 |       0 |      38 |   0.0 |       0 |      10 |   0.0 |   600
           D:5 |       0 |     516 |   0.0 |       0 |      16 |   0.0 |   928
           D:6 |       0 |    1305 |   0.0 |       0 |      24 |   0.0 |   927
           D:7 |       0 |     923 |   0.0 |       0 |      25 |   0.0 |  1015
           D:8 |       0 |    2580 |   0.0 |       0 |      49 |   0.0 |   806
           D:9 |       0 |    1442 |   0.0 |       0 |      24 |   0.0 |   768
          D:10 |       0 |    2117 |   0.0 |       0 |      11 |   0.0 |   532
          D:11 |       0 |    4976 |   0.0 |       0 |      56 |   0.0 |  1232
          D:12 |       0 |    5850 |   0.0 |       0 |      24 |   0.0 |   489
          D:13 |       0 |   12710 |   0.0 |       0 |      63 |   0.0 |  1190
          D:14 |       0 |    4468 |   0.0 |       0 |      23 |   0.0 |   543
          D:15 |       0 |    2964 |   0.0 |       0 |      17 |   0.0 |   670
        Lair:1 |       0 |    1207 |   0.0 |       0 |      11 |   0.0 |   489
        Lair:2 |       0 |    2058 |   0.0 |       0 |      11 |   0.0 |   568
        Lair:3 |       0 |    3674 |   0.0 |       0 |      14 |   0.0 |   387
        Lair:4 |       0 |    6964 |   0.0 |       0 |      24 |   0.0 |   458
        Lair:5 |       0 |    6226 |   0.0 |       0 |      26 |   0.0 |   577
        Lair:6 |       0 |   22270 |   0.0 |       0 |      96 |   0.0 |   980
         Orc:1 |       0 |    1571 |   0.0 |       0 |      13 |   0.0 |   290
         Orc:2 |       0 |    9713 |   0.0 |       0 |      75 |   0.0 |   807
         Elf:1 |       0 |    2151 |   0.0 |       0 |       5 |   0.0 |   267
         Elf:2 |       0 |   10982 |   0.0 |       0 |      24 |   0.0 |   535
           Lab |       0 |     998 |   0.0 |       0 |       1 |   0.0 |   430
         Sewer |       0 |     185 |   0.0 |       0 |      18 |   0.0 |   347
               +---------+---------+-------+---------+---------+-------+---------
